 Dungeon Crawl Stone Soup version 0.30-a0-149-g7f746667c4 (webtiles) character file.

Game seed: 7888808404424837089

51 Pooter the Chiller (level 3, -1/24 HPs)
             Began as a Demonspawn Ice Elementalist on Sept 26, 2022.
             Slain by Sigmund
             ... wielding a +0 scythe
              (5 damage)
             ... on level 2 of the Dungeon.
             The game lasted 00:13:27 (2512 turns).

Pooter the Chiller (Demonspawn Ice Elementalist)    Turns: 2512, Time: 00:13:28

Health: -1/24      AC:  2    Str: 10    XL:     3   Next: 58%
Magic:  3/6        EV: 12    Int: 16    God:
Gold:   56         SH:  0    Dex: 13    Spells: 2/6 levels left

rFire   + . .      SeeInvis .    h - +0 glaive
rCold   . . .      Faith    .    (shield currently unavailable)
rNeg    . . .      Spirit   .    d - +0 robe
rPois   .          Reflect  .    (no helmet)
rElec   .          Harm     .    (no cloak)
rCorr   .          Rampage  .    (no gloves)
Will    .....                    (no boots)
Stlth   ++........               (no amulet)
HPRegen 0.08/turn                c - ring of flight
MPRegen 0.10/turn                F - ring of protection from fire

@: freezing walls, flying
A: demonic magic 1
a: no special abilities


You were on level 2 of the Dungeon.
You visited 1 branch of the dungeon, and saw 2 of its levels.

You collected 56 gold pieces.

Inventory:

Hand Weapons
 a - a +0 hand axe
   (You found it on level 1 of the Dungeon)
 e - a +0 dagger
   (You took it off a goblin on level 1 of the Dungeon)
 h - a +0 glaive (weapon)
   (You found it on level 1 of the Dungeon)
Missiles
 Q - 6 stones
Armour
 d - a +0 robe (worn)
Jewellery
 c - a ring of flight (left hand)
   (You found it on level 1 of the Dungeon)
 F - a ring of protection from fire (right hand)
   (You found it on level 2 of the Dungeon)
Scrolls
 f - a scroll of vulnerability {unknown}
 k - a scroll of identify {unknown}
 l - a scroll of poison {unknown}
 m - a scroll of amnesia {unknown}
Potions
 b - a potion of magic
 i - a potion of attraction {unknown}
 j - a potion of invisibility {unknown}


   Skills:
 + Level 2.2 Dodging
 + Level 2.3 Stealth
 + Level 2.3 Spellcasting
 * Level 4.2 Ice Magic


You had 2 spell levels left.
You knew the following spells:

 Your Spells              Type           Power      Damage    Failure   Level
a - Freeze                Ice            60%        1d8       3%          1
b - Frozen Ramparts       Ice            30%        1d5       11%         3

Your spell library contained the following spells:

 Spells                   Type           Power      Damage    Failure   Level
 Ozocubu's Armour         Ice            15%        N/A       11%         3
 Hailstorm                Conj/Ice       8%         3d4       63%         4


Dungeon Overview and Level Annotations

Branches:
Dungeon (2/15)

Altars:

Annotations:
D:2 Sigmund


Innate Abilities, Weirdness & Mutations

Spells you cast may paralyse adjacent enemies.


Message History

You slash the ball python!
You kill the ball python!
You start resting.
Sigmund is nearby!
You start resting.
You start waiting.
Done waiting.
You start waiting.
Done waiting.
Found a dark potion.
A goblin comes into view. It is wielding a +0 dagger.
The goblin shouts!
You closely miss the goblin.
The goblin hits you with a +0 dagger. x2
You barely miss the goblin. The goblin hits you with a +0 dagger.
You closely miss the goblin. The goblin hits you with a +0 dagger.
The goblin barely misses you.
You barely miss the goblin. The goblin barely misses you.
The goblin hits you with a +0 dagger.
Aim: a goblin, wielding a +0 dagger You freeze the goblin!
You kill the goblin!
Malevolent energies surge around you.
You start resting.
You start resting.
Sigmund is nearby!
Okay, then.
Sigmund shouts!
Sigmund mumbles some strange words.
Sigmund flickers and vanishes!
Deactivating autopickup; reactivate with Ctrl-A.
You start resting.
Something hits you!
Ouch! That really hurt!
* * * LOW HITPOINT WARNING * * *
You don't know that spell.
You can't see any susceptible monsters within range! (Use Z to cast anyway.)
The spell is quite dangerous to miscast (11% risk of failure)!
Continue anyway?
The walls around you are covered in ice.
Malevolent energies surge around you.
You aren't carrying any items that you can evoke.
The wall freezes something.
Something hits you.
* * * LOW HITPOINT WARNING * * *
You aren't carrying any items that you can evoke.
Read: scroll of fear
As you read the scroll of fear, it crumbles to dust.
You assume a fearsome visage.
The wall freezes something.
Something hits you.
You die...

............# #..........
............# #...###....
#...........# #...# ##...
. #...........# ###.#
#### .##...>......## #.#
###.. ### ..##........##
#.# #...#
..##.......##.## #.#
#.### ..........##.#
#.###.#..
####........##@#
#.#...#.#
..#.....##....##.#
#.#.###..
..............##.##
#..)##...
..###.##>.<.รท.##..##
#..###..# # #.####......#
#.......# #..# #...##.#
##........ ##.#
###..#.#####........[
#.## ##.................
#..######..####.......<..


There were no monsters in sight!

Vanquished Creatures
  A worm (D:1)
  4 dart slugs
  4 endoplasms
  A giant cockroach (D:1)
  5 goblins
  3 hobgoblins
  4 jackals (D:1)
  3 kobolds
  A quokka (D:1)
  6 ball pythons
  2 bats (D:1)
  3 rats
37 creatures vanquished.

Notes
Turn   | Place    | Note
-------+----------+-------------------------------------------
     0 | D:1      | Pooter the Demonspawn Ice Elementalist began the quest for
                  | the Orb.
     0 | D:1      | Reached XP level 1. HP: 13/13 MP: 3/3
   585 | D:1      | Gained mutation: Spells you cast may paralyse adjacent
                  | enemies. [demonic ancestry]
   585 | D:1      | Reached XP level 2. HP: 12/19 MP: 5/5
  1017 | D:1      | Reached skill level 4 in Ice Magic
  1166 | D:1      | Reached XP level 3. HP: 24/24 MP: 6/6
  1939 | D:2      | Learned a level 3 spell: Frozen Ramparts
  1950 | D:2      | Noticed Sigmund
  2512 | D:2      | Slain by Sigmund

Illustrated notes

Levels and vault maps discovered:
D:1:      minmay_arrival_wavy_path, layout_basic, minmay_small_reverse_x
D:2:      layout_rooms, uniq_sigmund

Skill      XL: |  1  2 |
---------------+-------+-----
Stealth        | 2 |  2.3
Dodging        | 2 |  2.2
Ice Magic      | 4 |  4.2
Spellcasting   | |  2.3

Action                   || total
-------------------------++-------
Melee: Hand axe          ||    19
       Dagger            ||     4
       Club              ||     3
       Glaive            ||    57
Throw: Stone             ||     1
 Cast: Freeze            ||    19
       Frozen Ramparts   ||     1
  Use: Scroll            ||     2
 Stab: Sleeping          ||     5
       Paralysed         ||     5
Armor: Robe              ||    21
Dodge: Dodged            ||    70

Table legend: (Time is in decaauts)
 A = Elapsed time spent in this place.
 B = Non-inter-level travel time spent in this place.
 C = Inter-level travel time spent in this place.
 D = Time resting spent in this place.
 E = Time spent auto-exploring this place.
 F = Levels seen in this place.
 G = Mean time per level.
                   A        B        C        D        E       F      G
               +--------+--------+--------+--------+--------+-----+--------+
         Total |   2558 |   2513 |     45 |   1228 |    830 |   2 | 1279.0 |
       Dungeon |   2558 |   2513 |     45 |   1228 |    830 |   2 | 1279.0 |
               +--------+--------+--------+--------+--------+-----+--------+

Top non-repeatable levels by time:
     D:1: 1781 daAuts
     D:2: 776 daAuts
